 Dungeon Crawl Stone Soup version 0.32-a0-540-g866d13106e (webtiles) character file.

Game seed: 8742705169262513705

71 sleeves the Sneak (level 4, -1/37 HPs)
             Began as a Kobold Shapeshifter on Feb 28, 2024.
             Succumbed to a water moccasin's poison
             ... on level 3 of the Dungeon.
             The game lasted 00:04:16 (1605 turns).

sleeves the Sneak (Kobold Shapeshifter)             Turns: 1605, Time: 00:04:17

Health: -1/37      AC: 22    Str: 11    XL:     4   Next: 47%
Magic:  4/4        EV:  3    Int: 13    God:
Gold:   110        SH:  0    Dex: 14    Spells: 3/3 levels left

rFire   + . .        a - +2 dagger (venom)
rCold   + . .        (no shield)
rNeg    . . .        i - melded +1 leather armour
rPois   +            (helmet currently unavailable)
rElec   +            (cloak currently unavailable)
rCorr   +            (gloves currently unavailable)
SInv    .            (boots currently unavailable)
Will    .....        (no amulet)
Stlth   ++++         (no ring)
HPRegen 0.26/turn    (no ring)
MPRegen 0.09/turn

%: no passive effects
@: lethally poisoned (-1 -> -11), tree-form, resistant, weak-willed, attractive
A: stationary, stasis, torment immunity, boosted hp, small, no large weapons,
nightstalker 3, (iridescent scales 1)
a: no special abilities


You were on level 3 of the Dungeon.
You were a tree.
You visited 1 branch of the dungeon, and saw 3 of its levels.

You collected 110 gold pieces.

Inventory:

Hand Weapons
 a - a +2 dagger of venom (weapon)
   (You took it off a goblin on level 1 of the Dungeon)
 n - a +2 short sword of draining
   (You found it on level 2 of the Dungeon)
Armour
 i - a +1 leather armour (melded)
   (You found it on level 1 of the Dungeon)
Talismans
 c - a beast talisman (active)
 d - a flux talisman
Scrolls
 f - 2 scrolls of identify {unknown}
 j - a scroll of poison {unknown}
 l - 2 scrolls of vulnerability


   Skills:
 - Level 1.1 Fighting
 + Level 2.8 Short Blades
 - Level 2.4 Dodging
 + Level 4.3 Stealth
 - Level 3.0 Unarmed Combat
 - Level 3.0 Shapeshifting


You had 3 spell levels left.
You didn't know any spells.
Your spell library was empty.

Dungeon Overview and Level Annotations

Branches:
Dungeon (3/15)

Altars:


Innate Abilities, Weirdness & Mutations

You are a tree.
Your roots penetrate the ground, keeping you stationary.
You cannot be teleported.
You are immune to unholy pain and torment.
Your maximum health is greatly increased.
Your equipment is partially melded.
You are small and have problems with some larger weapons.
You are completely attuned to the shadows.
((You are partially covered in iridescent scales. (AC +2)))


Message History

Welcome, sleeves the Kobold Shapeshifter.
Are you destined to find the awesome Orb of Zot, or to die trying?
Press ? for a list of commands and other information.
Found a staircase leading out of the dungeon.
You enter the shallow water.
Moving in this stuff is going to be slow.
A frilled lizard comes into view.
A frilled lizard is nearby!
A frilled lizard is nearby!
The frilled lizard hisses angrily.
A hobgoblin comes into view.
The hobgoblin shouts!
You hit the frilled lizard.
The frilled lizard is heavily wounded.
You hear an angry hiss. x2
The frilled lizard bites you.
A frilled lizard comes into view.
You barely miss the frilled lizard.
The frilled lizard is heavily wounded.
The frilled lizard closely misses you.
You hit the frilled lizard.
You kill the frilled lizard!
The hobgoblin hits you.
A ball python comes into view.
The frilled lizard attacks as it pursues you!
The frilled lizard completely misses you.
You hit the frilled lizard.
You kill the frilled lizard!
You barely miss the hobgoblin. The hobgoblin barely misses you.
You barely miss the hobgoblin. The hobgoblin barely misses you.
You hit the hobgoblin but do no damage.
The hobgoblin hits you but does no damage.
You hit the hobgoblin but do no damage. The hobgoblin hits you.
You closely miss the hobgoblin. The hobgoblin misses you.
You closely miss the hobgoblin. The hobgoblin hits you.
* * * LOW HITPOINT WARNING * * *
You closely miss the hobgoblin. The hobgoblin closely misses you.
You hit the hobgoblin.
The hobgoblin is heavily wounded.
The hobgoblin barely misses you.
You hit the hobgoblin but do no damage.
The hobgoblin is heavily wounded.
The hobgoblin closely misses you.
You closely miss the hobgoblin. You punch the hobgoblin.
You kill the hobgoblin!
Your Stealth skill increases to level 1!
You hit the ball python.
The ball python is severely wounded.
The ball python closely misses you. x2
You closely miss the ball python.
The ball python is severely wounded.
The ball python misses you. The ball python closely misses you.
The ball python barely misses you. The ball python closely misses you.
You hit the ball python.
You kill the ball python!
You swing at nothing.
A bat comes into view.
A bat is nearby!
You start resting.
HP restored.
A bat comes into view.
A bat is nearby!
Things that are here:
a hobgoblin corpse; a frilled lizard corpse
Things that are here:
a hobgoblin corpse; a frilled lizard corpse You swing at nothing.
You swing at nothing.
You swing at nothing.
You swing at nothing.
You swing at nothing.
You swing at nothing.
You swing at nothing.
You swing at nothing.
You swing at nothing.
You swing at nothing.
You swing at nothing.
You swing at nothing.
The bat misses you.
You swing at nothing.
You hit the bat but do no damage. The bat misses you.
You closely miss the bat. The bat hits you but does no damage.
The bat hits you.
You miss the bat. Your punch misses the bat.
The bat hits you but does no damage. The bat hits you.
You closely miss the bat. The bat closely misses you.
You hit the bat.
You kill the bat!
You hit the bat.
You kill the bat!
Your Stealth skill increases to level 2!
You swing at nothing.
You swing at nothing.
You swing at nothing.
You swing at nothing.
You swing at nothing.
You swing at nothing.
You swing at nothing.
You swing at nothing.
You swing at nothing.
You swing at nothing.
You swing at nothing.
You swing at nothing.
You swing at nothing.
Things that are here:
a bat corpse; a hobgoblin corpse; a frilled lizard corpse
Found an escape hatch in the floor.
e - a scroll labelled OMOKHL VYWNIFOT A giant cockroach comes into view.
A giant cockroach is nearby!
The helpless giant cockroach fails to defend itself.
You hit the giant cockroach.
The giant cockroach is severely wounded.
The giant cockroach bites you. x2
You hit the giant cockroach.
You kill the giant cockroach!
You have reached level 2!
A hobgoblin comes into view.
A hobgoblin is nearby!
A hobgoblin is nearby!
A hobgoblin is nearby!
The hobgoblin misses you.
You closely miss the hobgoblin. The hobgoblin hits you.
You hit the hobgoblin.
The hobgoblin is heavily wounded.
The hobgoblin hits you but does no damage.
You barely miss the hobgoblin.
The hobgoblin is heavily wounded.
The hobgoblin completely misses you.
You hit the hobgoblin.
The hobgoblin is severely wounded.
The hobgoblin hits you.
You closely miss the hobgoblin.
The hobgoblin is severely wounded.
The hobgoblin hits you but does no damage.
You hit the hobgoblin.
You kill the hobgoblin!
No target in view!
No target in view!
You start resting.
HP restored.
f - a scroll labelled GORCHI DASUTZIPSU
g - a scroll labelled JAIKAO KYTUICZUE
Found a club.
Found a stone staircase leading down.
A goblin comes into view. It is wielding a +0 dagger.
The goblin shouts!
A goblin is nearby!
A goblin is nearby!
You closely miss the goblin. The goblin hits you with a +0 dagger.
You closely miss the goblin. The goblin hits you with a +0 dagger.
You hit the goblin.
You kill the goblin!
No target in view!
No target in view!
Things that are here:
a +0 dagger; a goblin corpse
h - a +0 dagger A rat comes into view.
A rat is nearby!
A rat is nearby!
A rat is nearby!
The rat squeaks loudly.
The rat closely misses you.
You hit the rat.
The rat is severely wounded.
The rat closely misses you.
You hit the rat.
You kill the rat!
No target in view!
No target in view!
A bat comes into view.
A bat is nearby!
A bat is nearby!
You hit the bat but do no damage. The bat barely misses you.
The bat hits you but does no damage.
You closely miss the bat. The bat barely misses you. The bat hits you.
A hobgoblin comes into view.
The bat misses you.
A jackal comes into view.
The bat closely misses you.
The hobgoblin shouts!
You hit the bat. You punch the bat.
You kill the bat!
You hear a shout!
A jackal comes into view. x2
The hobgoblin barely misses you.
A kobold comes into view. It is wielding a +0 short sword.
The jackal moves out of view.
The kobold throws a stone.
The stone hits you but does no damage.
The hobgoblin attacks as it pursues you!
The hobgoblin hits you.
An endoplasm comes into view.
Okay, then.
You barely miss the hobgoblin. The hobgoblin barely misses you.
You hit the hobgoblin.
The hobgoblin is almost dead.
The hobgoblin hits you.
You barely miss the hobgoblin.
The hobgoblin is almost dead.
You hit the hobgoblin.
You kill the hobgoblin!
You closely miss the jackal. The jackal bites you.
The jackal barks!
You hit the jackal.
You kill the jackal!
The kobold throws a stone.
The stone misses you.
You swing at nothing.
The kobold throws a stone.
The stone hits you.
You closely miss the jackal. The jackal misses you. The jackal bites you.
You hit the jackal.
You kill the jackal!
The kobold throws a stone.
The stone misses you.
Your Stealth skill increases to level 3!
You swing at nothing.
You hit the kobold.
The kobold is heavily wounded.
The kobold barely misses you.
You closely miss the kobold.
The kobold is heavily wounded.
The kobold barely misses you.
You closely miss the kobold.
The kobold is heavily wounded.
The kobold hits you with a +0 short sword.
The endoplasm quivers.
You hit the kobold.
You kill the kobold!
Items here: ( ) ††.
The jackal closely misses you. The jackal attacks as it pursues you!
The jackal closely misses you. The jackal completely misses you.
You hit the jackal.
The jackal is lightly wounded.
The jackal closely misses you.
You hit the jackal.
The jackal is moderately wounded.
The endoplasm jiggles.
The jackal bites you but does no damage.
You hit the jackal but do no damage.
The jackal is moderately wounded.
The jackal bites you.
You barely miss the jackal.
The jackal is moderately wounded.
The jackal barely misses you. The jackal misses you.
You miss the jackal.
The jackal is moderately wounded.
The jackal closely misses you.
You hit the jackal.
The jackal is moderately wounded.
The jackal bites you.
The jackal bites you but does no damage.
You hit the jackal.
The jackal is almost dead.
The jackal closely misses you.
You hit the jackal but do no damage.
The jackal is almost dead.
The jackal closely misses you.
You hit the jackal.
You kill the jackal!
Your Short Blades skill increases to level 1!
You hit the endoplasm.
The endoplasm is moderately wounded.
The endoplasm freezes you.
You are frozen.
You hit the endoplasm.
You kill the endoplasm!
You have reached level 3!
Your experience leads to an increase in your attributes!
Increase (S)trength, (I)ntelligence, or (D)exterity?
You feel clever. x2
You see here a jackal corpse.
A dart slug comes into view.
A dart slug is nearby!
A dart slug is nearby!
A dart slug is nearby!
You hit the dart slug.
The dart slug is heavily wounded.
You hit the dart slug but do no damage.
The dart slug is heavily wounded.
The dart slug launches a dart at you. The slug dart hits you.
You hit the dart slug.
You kill the dart slug!
No target in view!
No target in view!
Found a leather armour.
You now have 6 gold pieces.
A kobold comes into view. It is wielding a +0 whip.
A kobold is nearby!
A kobold is nearby!
Found 6 stones.
The kobold shouts!
You hear a shout!
The kobold throws a stone.
The stone hits you.
A giant cockroach comes into view.
The giant cockroach moves out of view.
You barely miss the kobold. The kobold closely misses you.
You hit the kobold.
You kill the kobold!
No target in view!
No target in view!
Search for what [? for help]? armor You see here a +0 leather armour.
i - a +0 leather armour You start removing your armour.
You continue removing your +0 animal skin. x4
You finish removing your +0 animal skin.
You start putting on your armour.
You continue putting on your +0 leather armour. x5
You finish putting on your +0 leather armour.
You drop a +0 animal skin.
You see here a bat corpse.
Found a club.
A quokka comes into view.
A quokka is nearby!
A quokka is nearby!
The helpless quokka fails to defend itself.
You hit the quokka.
The quokka is almost dead.
The quokka misses you.
You hit the quokka.
You kill the quokka!
No target in view!
A frilled lizard comes into view.
The frilled lizard moves out of view.
Found a stone staircase leading down.
A frilled lizard is nearby!
A frilled lizard is nearby!
A bat comes into view.
The bat moves out of view.
You strike the helpless frilled lizard from behind!
You punch the frilled lizard!
You kill the frilled lizard!
A bat comes into view.
You closely miss the bat. The bat barely misses you.
There are monsters nearby!
The bat closely misses you.
A kobold comes into view. It is wielding a +0 dagger.
The bat hits you. The bat closely misses you. The bat misses you.
The bat barely misses you. The bat hits you. The bat attacks as it pursues you!
The bat barely misses you. The bat misses you.
You closely miss the bat. The bat hits you but does no damage.
You closely miss the bat. The bat closely misses you. x2
You closely miss the bat. The bat hits you but does no damage.
The bat closely misses you.
You hit the bat but do no damage. The bat hits you. The bat misses you.
You barely miss the bat. The bat hits you but does no damage. x2
You hit the bat.
The bat is moderately wounded.
The bat misses you.
You hit the bat but do no damage.
The bat is moderately wounded.
The bat misses you. x2
You closely miss the bat.
The bat is moderately wounded.
The bat hits you but does no damage.
You miss the bat. The bat closely misses you. The bat hits you.
You closely miss the bat. The bat barely misses you.
You swing at nothing.
The bat hits you but does no damage.
You hit the bat.
The bat is severely wounded.
The bat closely misses you.
You hit the bat.
You kill the bat!
The bat barely misses you. The bat closely misses you.
You punch the bat!
You kill the bat!
You hit the kobold but do no damage. The kobold hits you with a +0 dagger.
You hit the kobold.
The kobold is heavily wounded.
A goblin comes into view. It is wielding a +0 dagger.
The kobold misses you.
The goblin shouts!
You hit the kobold.
You kill the kobold!
You hear a loud squeak.
You swing at nothing.
You swing at nothing.
You swing at nothing.
A quokka comes into view.
You closely miss the goblin. The goblin closely misses you.
You hit the goblin.
The goblin is moderately wounded.
The goblin hits you with a +0 dagger.
You hit the goblin.
You kill the goblin!
You hit the quokka.
The quokka is almost dead.
The quokka closely misses you.
You hit the quokka.
You kill the quokka!
You hit the giant cockroach.
The giant cockroach is severely wounded.
The giant cockroach closely misses you.
You hit the giant cockroach.
You kill the giant cockroach!
You swing at nothing.
You swing at nothing.
You swing at nothing.
You swing at nothing.
You swing at nothing.
You swing at nothing.
You swing at nothing.
You swing at nothing.
You now have 14 gold pieces (gained 8).
Items here: )) ††††.
Items here: )) ††††.
You now have 19 gold pieces (gained 5).
A giant cockroach comes into view.
A giant cockroach is nearby!
A giant cockroach is nearby!
A giant cockroach is nearby!
A hobgoblin and a goblin come into view.
The goblin is wielding a +2 dagger of venom.
Found a scroll labelled AFYUDU JULOSK.
The helpless hobgoblin fails to defend itself.
You punch the hobgoblin!
You kill the hobgoblin!
A giant cockroach comes into view.
The helpless giant cockroach fails to defend itself.
You hit the giant cockroach.
The giant cockroach is severely wounded.
The giant cockroach barely misses you.
You barely miss the giant cockroach.
The giant cockroach is severely wounded.
The giant cockroach bites you.
You closely miss the giant cockroach.
The giant cockroach is severely wounded.
The giant cockroach barely misses you.
You hit the giant cockroach.
You kill the giant cockroach!
Found 4 gold pieces.
Found a stone staircase leading down.
The goblin misses you.
You barely miss the goblin.
The goblin hits you with a +2 dagger of venom.
You hit the goblin.
The goblin is severely wounded.
The goblin hits you with a +2 dagger of venom.
You hit the goblin.
You kill the goblin!
A ball python comes into view.
The helpless giant cockroach fails to defend itself.
You hit the giant cockroach.
You kill the giant cockroach!
The ball python hisses angrily.
You punch the ball python!
You kill the ball python!
Your Short Blades skill increases to level 2!
No target in view!
No target in view!
Things that are here:
a +2 dagger of venom; a goblin corpse
a - a +2 dagger of venom Your +2 dagger of venom begins to drip with poison!
a - a +2 dagger of venom (weapon)
You drop a +0 dagger.
h - a scroll labelled AFYUDU JULOSK You now have 23 gold pieces (gained 4).
j - a scroll labelled IZOEMULOA A rat comes into view.
A rat is nearby!
The rat squeaks loudly.
The rat misses you.
You hit the rat.
You kill the rat!
No target in view!
No target in view!
You see here a staff of conjuration.
You see here a quokka skeleton.
You see here a bat skeleton.
You see here a jackal skeleton.
Done exploring.
Done exploring.
Done exploring.
There is a stone staircase leading down here.
You climb downwards.
Found a stone staircase leading up.
There is a stone staircase leading up here.
Found a stone staircase leading down.
A goblin comes into view. It is wielding a +0 dagger of flaming.
A goblin is nearby!
A goblin is nearby!
You see here a purple potion.
The helpless goblin fails to defend itself.
You impale the goblin!!
You kill the goblin!
Things that are here:
a +0 dagger of flaming; a goblin corpse
k - a purple potion
Found a dagger.
Found a plate armour.
You see here a +0 plate armour.
l - a scroll labelled NIRRIU TUOGH
m - a lumpy silvery potion
Found a ring mail.
Found a chain mail.
You now have 39 gold pieces (gained 16).
You see here a +0 chain mail.
Found 5 stones.
A goblin comes into view. It is wielding a +0 club.
You see here 8 gold pieces.
A goblin is nearby!
A goblin is nearby!
Found a runed short sword and 17 gold pieces.
The helpless goblin fails to defend itself.
You impale the goblin!!
You kill the goblin!
No target in view!
You now have 47 gold pieces (gained 8).
You see here a +2 short sword of draining.
n - a +2 short sword of draining You now have 58 gold pieces (gained 11).
o - an amethyst potion You now have 75 gold pieces (gained 17).
A hobgoblin comes into view.
Found a dagger.
The hobgoblin shouts!
A hobgoblin is nearby!
A hobgoblin is nearby!
You hit the hobgoblin.
The hobgoblin is poisoned.
The hobgoblin is moderately wounded.
The hobgoblin closely misses you.
You hit the hobgoblin.
The hobgoblin is almost dead.
You kill the hobgoblin!
No target in view!
No target in view!
You now have 81 gold pieces (gained 6).
You now have 89 gold pieces (gained 8).
p - a scroll labelled URACISCH OLATUOD You now have 94 gold pieces (gained 5).
Found a club.
You see here a +0 club.
f - 2 scrolls labelled GORCHI DASUTZIPSU (gained 1)
l - 2 scrolls labelled NIRRIU TUOGH (gained 1)
A bat comes into view.
A bat is nearby!
The helpless bat fails to defend itself.
You impale the bat!!
You kill the bat!
No target in view!
You see here a bat corpse.
Found a dagger.
An endoplasm comes into view.
An endoplasm is nearby!
An endoplasm is nearby!
You see here a +0 dagger.
The helpless endoplasm fails to defend itself.
You impale the endoplasm!!
You kill the endoplasm!
Key pressed, stopping explore.
No target in view!
A hobgoblin comes into view.
The hobgoblin shouts!
A hobgoblin is nearby!
A hobgoblin is nearby!
A ball python comes into view.
You completely miss the hobgoblin. The hobgoblin closely misses you.
You hit the hobgoblin but do no damage.
The hobgoblin is poisoned.
The hobgoblin hits you.
You hit the hobgoblin.
You kill the hobgoblin!
You have reached level 4!
A ball python is nearby!
A ball python is nearby!
A ball python is nearby!
A ball python is nearby!
You see here a hobgoblin corpse.
The ball python hisses angrily.
You puncture the ball python!
You kill the ball python!
No target in view!
HP restored.
An adder comes into view.
An adder is nearby!
An adder is nearby!
An adder is nearby!
The adder hisses angrily.
You completely miss the adder. The adder misses you.
You hit the adder.
The adder is poisoned.
The adder is severely wounded.
The adder completely misses you.
You hit the adder.
You kill the adder!
Your Stealth skill increases to level 4!
No target in view!
No target in view!
You see here an adder corpse.
Found a stone staircase leading down.
There is a stone staircase leading down here.
l - 3 scrolls labelled NIRRIU TUOGH (gained 1)
You see here a +0 plate armour.
You see here a +0 dagger.
A ribbon worm comes into view.
A ribbon worm is nearby!
A ribbon worm is nearby!
The helpless ribbon worm fails to defend itself.
You impale the ribbon worm!!
You kill the ribbon worm!
No target in view!
q - a scroll labelled NIKHITOARI You open the huge gate.
Found a faded altar of an unknown god.
There is a huge open gate here.
There is a huge open gate here.
There is a huge open gate here.
There is a huge open gate here.
Found a stone staircase leading down.
There is a faded altar of an unknown god here.
There is a huge open gate here.
There is a huge open gate here.
You now have 101 gold pieces (gained 7).
There is a stone staircase leading down here.
A goblin comes into view. It is wielding a +0 club.
The helpless goblin fails to defend itself.
You impale the goblin!!
You kill the goblin!
There is a huge open gate here.
There is a huge open gate here.
There is a faded altar of an unknown god here.
This altar belongs to (a) Nemelex Xobeh, (b) Cheibriados or (c) Zin, but you can't tell which.
Press the corresponding letter to learn more about a god, or press enter to convert or escape to cancel.
Okay, then.
There is a huge open gate here.
There is a huge open gate here.
There is a stone staircase leading down here.
You see here a +0 dagger.
A quokka comes into view.
A quokka is nearby!
A quokka is nearby!
A quokka is nearby!
You catch the helpless quokka completely off-guard!
You puncture the quokka!
You kill the quokka!
No target in view!
No target in view!
No target in view!
You see here a +0 chain mail.
Found a stone staircase leading up.
r - a glowing silvery potion A jackal comes into view.
A jackal is nearby!
A jackal comes into view.
A jackal comes into view.
The jackal barely misses you.
The jackal barks!
You barely miss the jackal. The jackal closely misses you.
The jackal bites you but does no damage.
The jackal barks!
You hit the jackal.
You kill the jackal!
The jackal barely misses you. The jackal closely misses you.
The jackal bites you but does no damage.
You hit the jackal.
The jackal is poisoned.
The jackal is heavily wounded.
The jackal bites you but does no damage. x2
You closely miss the jackal.
The jackal is heavily wounded.
The jackal barely misses you. The jackal closely misses you.
The jackal bites you.
You barely miss the jackal.
The jackal is heavily wounded.
The jackal bites you. x2
You hit the jackal.
You kill the jackal!
The jackal bites you.
You hit the jackal.
The jackal is poisoned.
The jackal is severely wounded.
The jackal closely misses you.
The jackal bites you but does no damage.
You hit the jackal.
You kill the jackal!
No target in view!
No target in view!
No target in view!
No target in view!
No target in view!
No target in view!
No target in view!
No target in view!
No target in view!
No target in view!
Done exploring.
Done exploring.
Done exploring.
Done exploring.
There is a stone staircase leading down here.
You climb downwards.
Found a smoky amethyst potion.
There is a stone staircase leading up here.
s - a smoky amethyst potion You now have 110 gold pieces (gained 9).
An endoplasm comes into view.
An endoplasm is nearby!
A rat comes into view.
You hit the endoplasm.
The endoplasm is poisoned.
The endoplasm is almost dead.
The rat squeaks loudly.
You kill the endoplasm!
You hit the rat.
You kill the rat!
No target in view!
Okay, then.
A hobgoblin comes into view.
Found an amethyst potion.
The hobgoblin shouts!
A hobgoblin is nearby!
A hobgoblin is nearby!
A hobgoblin is nearby!
You hit the hobgoblin.
The hobgoblin is poisoned.
The hobgoblin is moderately wounded.
The hobgoblin hits you.
You hit the hobgoblin.
The hobgoblin is heavily wounded.
The hobgoblin completely misses you.
You puncture the hobgoblin!
You kill the hobgoblin!
o - 2 amethyst potions (gained 1)
Found a stone staircase leading down.
There is a stone staircase leading down here.
Found 5 stones.
You open the door.
A water moccasin comes into view.
A water moccasin is nearby!
Okay, then. 3 gnolls come into view.
The gnoll shouts!
There is an open door here.
Something unseen opens the door.
The water moccasin closely misses you.
The water moccasin attacks as it pursues you!
The water moccasin closely misses you. The water moccasin bites you!
You are poisoned.
The water moccasin poisons you!
Your transformation has ended.
You turn into a tree.
Your +0 leather armour melds into your body.
Your roots penetrate the ground.
You feel very sick.
The water moccasin bites you but does no damage.
You miss the water moccasin.
You feel sick.
The water moccasin bites you but does no damage.
You barely miss the water moccasin.
You feel sick.
The water moccasin bites you but does no damage.
You closely miss the water moccasin.
You feel sick.
The water moccasin bites you but does no damage. x2
You hit the water moccasin.
The water moccasin is poisoned.
The water moccasin is lightly wounded.
You feel sick.
The water moccasin bites you but does no damage.
You aren't carrying any items that you can evoke.
You hit the water moccasin.
The water moccasin is moderately wounded.
You feel sick.
The water moccasin bites you but does no damage.
You miss the water moccasin.
The water moccasin is moderately wounded.
The water moccasin bites you but does no damage.
You barely miss the water moccasin.
The water moccasin is heavily wounded.
You feel sick. The water moccasin bites you!
* * * LOW HITPOINT WARNING * * *
The water moccasin bites you but does no damage.
It was a potion of curing.
You feel better. The water moccasin bites you.
* * * LOW HITPOINT WARNING * * *
You hit the water moccasin but do no damage.
The water moccasin is heavily wounded.
The water moccasin bites you.
* * * LOW HITPOINT WARNING * * *
It was a potion of resistance.
You feel protected.
The water moccasin bites you but does no damage.
The water moccasin completely misses you.
It was a potion of attraction.
You feel attractive to monsters.
The water moccasin bites you but does no damage.
It was a potion of mutation.
You feel extremely strange.
You feel yourself wasting away.
You feel healthier.
Iridescent scales grow over part of your body.
The water moccasin bites you but does no damage.
It was a potion of enlightenment.
Your roots keep you in place.
The water moccasin bites you but does no damage.
The water moccasin bites you.
* * * LOW HITPOINT WARNING * * *
You are lethally poisoned!
The water moccasin poisons you!
You feel better. The water moccasin barely misses you.
You closely miss the water moccasin.
The water moccasin is heavily wounded.
The water moccasin bites you but does no damage.
You barely miss the water moccasin.
The water moccasin is heavily wounded.
Your enlightenment fades.
The water moccasin bites you.
* * * LOW HITPOINT WARNING * * *
The water moccasin bites you but does no damage.
You hit the water moccasin but do no damage.
The water moccasin is heavily wounded.
The water moccasin bites you.
* * * LOW HITPOINT WARNING * * *
You hit the water moccasin.
The water moccasin is severely wounded.
The water moccasin bites you but does no damage.
You hit the water moccasin.
The water moccasin is severely wounded.
The water moccasin looks more healthy.
The water moccasin bites you.
* * * LOW HITPOINT WARNING * * *
You aren't carrying any items that you can evoke.
As you read the scroll labelled OMOKHL VYWNIFOT, it crumbles to dust.
The creatures around you are filled with an inner flame!
It was a scroll of immolation.
The water moccasin bites you but does no damage.
The water moccasin bites you.
* * * LOW HITPOINT WARNING * * *
As you read the scroll labelled NIKHITOARI, it crumbles to dust.
It is a scroll of brand weapon.
Okay, then.
The water moccasin bites you but does no damage.
As you read the scroll labelled NIRRIU TUOGH, it crumbles to dust.
A wave of despondency washes over your surroundings.
It was a scroll of vulnerability.
The water moccasin bites you but does no damage.
As you read the scroll labelled URACISCH OLATUOD, it crumbles to dust.
It is a scroll of amnesia.
You feel forgetful for a moment.
The water moccasin bites you but does no damage. x2
As you read the scroll labelled JAIKAO KYTUICZUE, it crumbles to dust.
You cannot blink because you are held in place by your roots.
It was a scroll of blinking.
The water moccasin bites you.
* * * LOW HITPOINT WARNING * * *
You are lethally poisoned!
The water moccasin poisons you!
Unknown command.
As you read the scroll labelled AFYUDU JULOSK, it crumbles to dust.
It is a scroll of enchant armour.
Your +0 leather armour glows green for a moment.
* * * LOW HITPOINT WARNING * * *
You feel very sick.
The water moccasin bites you but does no damage. x2
Unknown command.
You hit the water moccasin.
Flame seeps out of the water moccasin.
The water moccasin is almost dead.
You die...

##.##.#
#.### #.#
.# #...#
#.. ###.#
#.## #.#
... #.#
#.# #.#
#.####
##gS♣(#
#..##.#
#'## .#
#.....#.#
#...gg#.#
+##'##+


You could see a water moccasin (inner flame, weak-willed) and a gnoll (inner
flame, weak-willed).

Vanquished Creatures
  An adder (D:2)
  A dart slug (D:1)
  A ribbon worm (D:2)
  3 endoplasms
  4 giant cockroaches (D:1)
  6 goblins
  7 hobgoblins
  6 jackals
  3 kobolds (D:1)
  3 quokkas
  3 ball pythons
  6 bats
  3 frilled lizards (D:1)
  3 rats
50 creatures vanquished.

Notes
Turn   | Place    | Note
-------+----------+-------------------------------------------
     0 | D:1      | sleeves the Kobold Shapeshifter began the quest for the
                  | Orb.
     0 | D:1      | Reached XP level 1. HP: 12/12 MP: 1/1
    79 | D:1      | HP: 4/12 [hobgoblin (5)]
    84 | D:1      | Reached skill level 1 in Stealth
   143 | D:1      | Reached skill level 2 in Stealth
   175 | D:1      | Reached XP level 2. HP: 14/16 MP: 2/2
   327 | D:1      | Reached skill level 3 in Stealth
   347 | D:1      | Reached skill level 1 in Short Blades
   349 | D:1      | Reached XP level 3. HP: 13/20 MP: 3/3
   648 | D:1      | Reached skill level 2 in Short Blades
  1074 | D:2      | Reached XP level 4. HP: 22/25 MP: 4/4
  1130 | D:2      | Reached skill level 4 in Stealth
  1241 | D:2      | Found a faded altar of an unknown god.
  1574 | D:3      | Noticed a water moccasin
  1582 | D:3      | HP: 18/37 [poisoned by a water moccasin]
  1587 | D:3      | HP: 11/37 [water moccasin (3)]
  1591 | D:3      | Gained mutation: Your body sometimes deteriorates upon
                  | taking damage. [potion of mutation]
  1591 | D:3      | Lost mutation: Your body sometimes deteriorates upon taking
                  | damage. [potion of mutation]
  1591 | D:3      | Gained mutation: You are partially covered in iridescent
                  | scales. (AC +2) [potion of mutation]
  1592 | D:3      | HP: 5/37 [water moccasin (2)]
  1598 | D:3      | HP: 10/37 [water moccasin (2)]
  1603 | D:3      | HP: 5/37 [water moccasin (1)]
  1604 | D:3      | HP: 1/37 [poisoned by a water moccasin]
  1605 | D:3      | Succumbed to a water moccasin's poison

Illustrated notes

Levels and vault maps discovered:
D:1:      nagdon_arrival_double_spiral, layout_rooms
D:2:      layout_rooms, hellmonk_ecumenical_altar_heavens_door
D:3:      layout_loops_ring, mainiacjoe_overflow_24_doors

Skill      XL: |  1  2  3  4 |
---------------+-------------+-----
Stealth        | 2 3 4 |  4.3
Short Blades   | 1 2 |  2.8
Fighting       | |  1.1
Dodging        | |  2.4
Unarmed Combat | |  3.0
Shapeshifting  | |  3.0

Action                     |  1- 3 |  4- 6 || total
---------------------------+-------+-------++-------
  Melee: Unarmed           |   104 |       ||   104
         Punch             |     2 |       ||     2
         Dagger            |    10 |    34 ||    44
    Use: Potion            |       |     7 ||     7
         Scroll            |       |     6 ||     6
   Stab: Sleeping          |     9 |     2 ||    11
         Distracted        |     1 |     1 ||     2
 Armour: Animal skin       |    32 |       ||    32
         Leather armour    |    16 |    11 ||    27
         Skin              |       |    32 ||    32
  Dodge: Dodged            |    72 |    14 ||    86

Table legend: (Time is in decaauts)
 A = Elapsed time spent in this place.
 B = Non-inter-level travel time spent in this place.
 C = Inter-level travel time spent in this place.
 D = Time resting spent in this place.
 E = Time spent auto-exploring this place.
 F = Levels seen in this place.
 G = Mean time per level.
                   A        B        C        D        E       F      G
               +--------+--------+--------+--------+--------+-----+--------+
         Total |   1628 |   1554 |     74 |     39 |   1149 |   3 |  542.7 |
       Dungeon |   1628 |   1554 |     74 |     39 |   1149 |   3 |  542.7 |
               +--------+--------+--------+--------+--------+-----+--------+

Top non-repeatable levels by time:
     D:1: 886 daAuts
     D:2: 619 daAuts
     D:3: 122 daAuts
